 Dungeon Crawl Stone Soup version 0.29-a0-529-gfa20dd96a1 (webtiles) character file.

Game seed: 14343086726457743731

1721 hquester1 the Skirmisher (level 8, -3/64 HPs)
             Began as a Demonspawn Fighter on May 31, 2022.
             Was an Initiate of Yredelemnul.
             Slain by a sky beast (5 damage)
             ... on level 6 of the Dungeon on June 1, 2022.
             The game lasted 00:18:20 (7727 turns).

hquester1 the Skirmisher (Demonspawn Fighter)       Turns: 7727, Time: 00:18:21

Health: -3/64      AC:  9    Str: 22    XL:     8   Next: 75%
Magic:  8/8        EV: 10    Int: 11    God:    Yredelemnul [......]
Gold:   261        SH: 10    Dex: 16    Spells: 7/7 levels left

rFire   . . .      SeeInvis .   a - +0 long sword (vorpal)
rCold   . . .      Faith    .   q - +0 kite shield
rNeg    . . .      Spirit   .   b - +1 scale mail
rPois   .          Reflect  .   w - +0 hat
rElec   .          Harm     .   (no cloak)
rCorr   +          Rampage  .   (no gloves)
Will    .....                   j - +0 pair of boots
Stlth   ..........              (no amulet)
HPRegen 0.20/turn               g - ring of resist corrosion
MPRegen 0.11/turn               u - +6 ring of strength

@: about to teleport
A: antennae 2, ignite blood 1, powered by death 1, big brain 1
a: Renounce Religion, Recall Undead Harvest


You were on level 6 of the Dungeon.
You worshipped Yredelemnul.
Yredelemnul was noncommittal.
You visited 2 branches of the dungeon, and saw 8 of its levels.

You collected 261 gold pieces.

Inventory:

Hand Weapons
 a - a +0 vorpal long sword (weapon)
Armour
 b - a +1 scale mail (worn)
 j - a +0 pair of boots (worn)
 q - a +0 kite shield (worn)
 w - a +0 hat (worn)
Jewellery
 g - a ring of resist corrosion (left hand)
 u - a +6 ring of strength (right hand)
Wands
 c - a wand of iceblast (8)
 n - a wand of flame (31)
Scrolls
 d - 3 scrolls of brand weapon
 k - a scroll of immolation
 o - 3 scrolls of teleportation
 s - a scroll of magic mapping
 t - a scroll of identify
 v - 2 scrolls of vulnerability
Potions
 e - a potion of ambrosia {unknown}
 f - a potion of lignification {unknown}
 h - 2 potions of curing
 i - 2 potions of attraction
 l - 4 potions of flight
 m - a potion of cancellation {unknown}
 p - 2 potions of brilliance {unknown}
 r - 2 potions of mutation {unknown}
 z - a potion of haste {unknown}


   Skills:
 + Level 5.8 Fighting
 + Level 4.8 Long Blades
 + Level 5.3 Armour
 + Level 4.2 Dodging
 + Level 5.3 Shields


You had 7 spell levels left.
You didn't know any spells.
Your spell library contained the following spells:

 Spells                   Type           Power      Damage    Failure   Level
 Slow                     Hex            0%         N/A       94%         1
 Confusing Touch          Hex            0%         N/A       100%        3
 Inner Flame              Hex/Fire       0%         N/A       100%        3
 Vampiric Draining        Necr           0%         2d6       100%        3
 Cause Fear               Hex            0%         N/A       100%        4
 Summon Forest            Summ/Tloc      0%         N/A       100%        5
 Summon Mana Viper        Hex/Summ       0%         N/A       100%        5
 Summon Cactus Giant      Summ           0%         N/A       100%        6
 Discord                  Hex            0%         N/A       100%        8


Dungeon Overview and Level Annotations

Branches:
Dungeon (7/15)             Temple (1/1) D:5

Altars:
Ashenzari
Dithmenos
Elyvilon
Gozag
Hepliaklqana
Makhleb
Nemelex Xobeh
Qazlal
Ru
Trog
Uskayaw
Vehumet
Xom
Yredelemnul
Zin

Shops:
D:3 =


Innate Abilities, Weirdness & Mutations

You have a pair of antennae on your head.
Your demonic aura sometimes causes spilled blood to erupt in flames.
You regenerate a little health from kills.
You have an unusually large brain. (Int +2)


Message History

You can't go up here!
You climb downwards.
The orc hits you with a +0 mace. The sky beast hits you.
The sky beast shocks you. You block the orc's attack.
There is a stone staircase leading up, spattered with blood here.
The centaur shoots an arrow.
The arrow hits you. The arrow burns you.
The centaur shoots an arrow.
The arrow closely misses you.
The arrow hits the sky beast.
The arrow burns the sky beast.
The orc closely misses you. The sky beast hits you. The sky beast shocks you.
You climb upwards.
There is a stone staircase leading down here.
The sky beast flickers out of sight!
Deactivating autopickup; reactivate with Ctrl-A.
Something hits you but does no damage. The orc hits you but does no damage.
Things that are here:
a +0 leather armour; a +0 club Something hits you but does no damage.
You block the orc's attack. You block something's attack.
The orc attacks as you move away! You block the orc's attack.
Something hits you. Something shocks you. The orc attacks as you move away!
You block the orc's attack. The orc attacks as you move away!
You block the orc's attack.
You hit something. Something hits you. Something shocks you.
You closely miss something. Something hits you. Something shocks you.
* * * LOW HITPOINT WARNING * * *
You feel much better. Something hits you. Something shocks you.
* * * LOW HITPOINT WARNING * * *
You miss something. Something hits you.
* * * LOW HITPOINT WARNING * * *
Something shocks you.
* * * LOW HITPOINT WARNING * * *
Something hits you.
* * * LOW HITPOINT WARNING * * *
Something shocks you.
* * * LOW HITPOINT WARNING * * *
As you read the scroll of teleportation, it crumbles to dust.
You feel strangely unstable. Something hits you.
* * * LOW HITPOINT WARNING * * *
Something shocks you.
You die...
Your body rises from the dead as a mindless zombie.

.###.###...{.......#
#.#.#.#.#.####.#.#.#
.#.#.#.#..# #.#.#Z#
########### #.#.#.#
#.#.#.# #...#.#
##..#.# #..#.#
#.@#.# ##{#.# #o..#
##..# #[.# #)># ####


You could see an orc.

Vanquished Creatures
  A yak (D:4)
  A steam dragon (D:6)
  Edmund (D:4)
  An ice beast (D:6)
  2 centaurs (D:6)
  3 ogres
  A phantom (D:5)
  A necrophage (D:4)
  A scorpion (D:3)
  A spectral ice beast (D:6)
  A bullfrog zombie (D:5)
  2 hounds
  A scorpion zombie (D:5)
  2 orc wizards
  4 iguanas
  3 gnolls (D:6)
  5 adders
  A shadow imp (D:5)
  2 white imps
  An ufetubus (D:6)
  5 worms
  2 dart slugs (D:2)
  16 orcs
  4 ball pythons
  4 endoplasms
  A giant cockroach (D:4)
  6 goblins
  9 hobgoblins
  4 jackals (D:1)
  5 kobolds
  3 quokkas
  3 bats
  4 frilled lizards
  6 rats
  A spectral ufetubus (D:6)
108 creatures vanquished.

Vanquished Creatures (collateral kills)
  A centaur (D:6)
  A bullfrog (D:6)
2 creatures vanquished.

Grand Total: 110 creatures vanquished

Notes
Turn   | Place    | Note
-------+----------+-------------------------------------------
     0 | D:1      | hquester1 the Demonspawn Fighter began the quest for the
                  | Orb.
     0 | D:1      | Reached XP level 1. HP: 18/18 MP: 1/1
   196 | D:1      | Gained mutation: You regenerate a little health from kills.
                  | [demonic ancestry]
   196 | D:1      | Reached XP level 2. HP: 17/24 MP: 2/2
   284 | D:1      | Found a faded altar of an unknown god.
  1025 | D:2      | Reached XP level 3. HP: 28/29 MP: 3/3
  1981 | D:3      | Noticed a scorpion
  1986 | D:3      | Killed a scorpion
  1987 | D:3      | Reached skill level 1 in Dodging
  1987 | D:3      | Gained mutation: You have a pair of small antennae on your
                  | head. [demonic ancestry]
  1987 | D:3      | Reached XP level 4. HP: 37/37 MP: 4/4
  2125 | D:3      | You fall into a shaft and drop 1 floor!
  2165 | D:4      | Noticed a yak
  2196 | D:4      | Killed a yak
  2197 | D:4      | Gained mutation: Your demonic aura sometimes causes spilled
                  | blood to erupt in flames. [demonic ancestry]
  2197 | D:4      | Reached XP level 5. HP: 6/42 MP: 5/5
  2197 | D:4      | Gained mutation: You have an unusually large brain. (Int
                  | +2) [demonic ancestry]
  2197 | D:4      | Reached XP level 6. HP: 7/48 MP: 6/6
  2870 | D:4      | Noticed Edmund
  3242 | D:3      | Found an opulent altar of Gozag.
  3307 | D:3      | Found Wuzieq's One-of-a-Kind Rings.
  3728 | D:4      | Killed Edmund
  4628 | D:5      | Entered Level 5 of the Dungeon
  4649 | D:4      | Reached XP level 7. HP: 46/55 MP: 7/7
  5170 | D:5      | Found a hide-covered altar of Uskayaw.
  5305 | D:5      | Found a broken altar of Ashenzari.
  5623 | D:5      | Found a sparkling altar of Nemelex Xobeh.
  5704 | D:5      | Reached skill level 5 in Fighting
  5715 | D:5      | Found a basalt altar of Yredelemnul.
  5846 | D:5      | Found a staircase to the Ecumenical Temple.
  5862 | D:5      | Gained mutation: You have a pair of antennae on your head.
                  | [demonic ancestry]
  5862 | D:5      | Reached XP level 8. HP: 53/62 MP: 8/8
  5918 | Temple   | Entered the Ecumenical Temple
  6222 | D:5      | Became a worshipper of Yredelemnul the Dark
  6443 | D:6      | Reached skill level 5 in Shields
  6835 | D:6      | Reached skill level 5 in Armour
  6847 | D:6      | Reached * piety under Yredelemnul
  6871 | D:6      | Found a shimmering altar of Xom.
  7250 | D:6      | Reached ** piety under Yredelemnul
  7596 | D:6      | Upgraded the game from 0.29-a0-520-gc852659d43 to
                  | 0.29-a0-529-gfa20dd96a1
  7726 | D:6      | HP: 3/64 [something (5)]
  7727 | D:6      | Slain by a sky beast

Illustrated notes

Levels and vault maps discovered:
D:1:      erik_arrival_cave_to_civilisation [erik_arrival_cave_to_hall],
          layout_basic, basic_ecumenical_altar, minmay_misc_feat_encased
D:2:      layout_basic, minmay_split_cup_small
D:3:      layout_loops_ring, lemuel_doored_altar, nicolae_shop_unique_rings
D:4:      minmay_chambers_of_fours, layout_basic, minmay_bisected, uniq_edmund
D:5:      layout_basic, lemuel_crystal_altar, lemuel_zombie_altar_yredelemnul,
          mainiacjoe_overflow_24_doors, eat_drink_and_be_merry_uskayaw,
          minmay_temple_entry_nine_rooms, st_stairs_2
D:6:      layout_basic, mainiacjoe_overflow_alcove_2, roderic_roman_lattice
D:7:      layout_basic, nicolae_overflow_hidden_temple
Temple:   grunt_temple_mini_profane

Skill      XL: |  1  2  3  4  5  6  7  8 |
---------------+-------------------------+-----
Long Blades    | 2 3 4 |  4.8
Armour         | 3 4 5 |  5.3
Shields        | 3 4 5 |  5.3
Dodging        | 1 2 3 4 |  4.2
Fighting       | 4 5 |  5.8

Action                   |  1- 3 |  4- 6 |  7- 9 || total
-------------------------+-------+-------+-------++-------
Melee: Long sword        |   101 |   168 |   158 ||   427
  Use: Potion            |     1 |     3 |     2 ||     6
       Scroll            |       |    12 |     1 ||    13
Armor: Scale mail        |    48 |    75 |    80 ||   203
Dodge: Dodged            |    39 |    75 |    72 ||   186
Block: Buckler           |    13 |    47 |    10 ||    70
       Kite shield       |       |       |    78 ||    78

Table legend: (Time is in decaauts)
 A = Elapsed time spent in this place.
 B = Non-inter-level travel time spent in this place.
 C = Inter-level travel time spent in this place.
 D = Time resting spent in this place.
 E = Time spent auto-exploring this place.
 F = Levels seen in this place.
 G = Mean time per level.
                   A        B        C        D        E       F      G
               +--------+--------+--------+--------+--------+-----+--------+
         Total |   7864 |   7562 |    302 |   1267 |   4844 |   8 |  983.0 |
       Dungeon |   7653 |   7387 |    266 |   1267 |   4676 |   7 | 1093.3 |
        Temple |    210 |    174 |     36 |      0 |    168 |   1 |  210.0 |
               +--------+--------+--------+--------+--------+-----+--------+

Top non-repeatable levels by time:
     D:4: 1994 daAuts
     D:6: 1459 daAuts
     D:2: 1219 daAuts
     D:5: 1218 daAuts
     D:3: 986 daAuts
     D:1: 766 daAuts
  Temple: 210 daAuts
     D:7: 7 daAuts
